 Dungeon Crawl Stone Soup version 0.17-a0-2070-g2a5e0a8 (webtiles) character file.

235 Ordine the Changer (level 6, 0/51 HPs)
             Began as a Naga Transmuter on Oct 14, 2015.
             Was a Believer of Cheibriados.
             Killed by divine providence
             ... invoked by an orc priest
              (12 damage)
             ... on level 3 of the Dungeon.
             The game lasted 00:19:25 (5143 turns).

Ordine the Changer (Naga Transmuter)                Turns: 5143, Time: 00:19:26

Health: 0/51       AC:  4    Str: 16    XL:     6   Next: 5%
Magic:  9/9        EV: 13    Int: 20    God:    Cheibriados [**....]
Gold:   301        SH:  0    Dex: 21    Spells: 3 memorised, 3 levels left

rFire  . . .     SeeInvis +       - Unarmed
rCold  . . .     Clarity  .     b - +0 robe
rNeg   . . .     SustAt   .     (no shield)
rPois  +         Gourm    .     (no helmet)
rElec  .         Spirit   .     l - +0 cloak
rCorr  .         Warding  .     (no gloves)
rMut   .         Stasis   .     (no barding)
MR     .....                    (no amulet)
Stlth  ++........               g - +6 ring of dexterity
                                k - +3 ring of evasion

@: appendage, very slow, not resistant to hostile enchantments, unstealthy
A: horns 2, see invisible, deformed body, poison resistance, slowness 2, slow
metabolism 1, spit poison 2, AC +2
a: Spit Poison, End Transformation, Bend Time, Renounce Religion


You were on level 3 of the Dungeon.
You worshipped Cheibriados.
Cheibriados was pleased with you.
You were very hungry.
You had grown temporary horns.
You visited 1 branch of the dungeon, and saw 3 of its levels.

You collected 301 gold pieces.

Inventory:

Missiles
 a - 2 arrows
 e - 32 arrows of frost
Armour
 b - a +0 robe (worn)
 l - a +0 cloak (worn)
Jewellery
 g - a +6 ring of dexterity (right hand)
 k - a +3 ring of evasion (left hand)
Scrolls
 j - 3 scrolls of remove curse
 m - a scroll of blinking
 q - a scroll of teleportation
Potions
 d - a potion of magic
 h - a potion of brilliance
 i - a potion of flight
 n - a potion of invisibility {unknown}
 p - a potion of curing
Books
 c - a book of Changes

   Spells                             Type                      Level
   a - Beastly Appendage              Transmutation                1
   b - Sticks to Snakes               Transmutation                2
   c - Spider Form                    Transmutation/Poison         3
   d - Ice Form                       Ice/Transmutation            4
   e - Blade Hands                    Transmutation                5
Comestibles
 f - 2 meat rations


   Skills:
 - Level 1.0 Fighting
 - Level 1.5 Dodging
 - Level 3.0 Unarmed Combat
 - Level 2.0 Spellcasting
 + Level 6.1 Transmutations


You had 3 spell levels left.
You knew the following spells:

 Your Spells              Type           Power        Failure   Level  Hunger
a - Beastly Appendage     Trmt           ####..       1%          1    #......
b - Sticks to Snakes      Trmt           ####......   1%          2    ##.....
c - Spider Form           Trmt/Pois      ##........   14%         3    ###....


Dungeon Overview and Level Annotations

Branches:
Dungeon (3/15)

Altars:
Cheibriados


Innate Abilities, Weirdness & Mutations

You cannot wear boots.
Your serpentine skin is tough (AC +2).
You have supernaturally acute eyesight.
Armour fits poorly on your strangely shaped body.
Your system is resistant to poisons.
You cover ground very slowly.
You have a slow metabolism.
You can spit poison.
You have a pair of horns on your head.


Message History

The orc is moderately wounded.
The orc closely misses you. x2
You hit the orc but do no damage.
The orc is moderately wounded.
You have got your breath back.
The orc hits you with a whip. The orc hits you with a hand axe!
You barely miss the orc. You headbutt the orc.
You kill the orc!
Cheibriados appreciates the change of pace.
You hit the orc but do no damage.
The orc priest calls down the wrath of Beogh upon you.
Something smites you!
* * * LOW HITPOINT WARNING * * *
You are too injured to fight recklessly!
You hit the orc.
The orc is moderately wounded.
The orc barely misses you. The rat bites you but does no damage.
The orc priest invokes the aid of Beogh against you.
Something smites you!
You die...

..#.#.####.#
......# #.#
..#.######.######
.##.# #........#
.##.# #.######.#
....# #.# #.##
..### #.# #.(#
..# #.# ##(## ..#
#.# #@o# .(###
#.## ##r# ....#
#..## o.#
..#)####...####
o.#
................
...
................
....
≈≈≈≈≈≈.≈≈≈≈≈..≈≈
.≈.≈≈
≈≈≈≈≈≈≈≈≈≈≈≈≈≈≈≈
≈≈≈≈≈≈
≈≈≈≈≈≈≈≈≈≈≈≈≈≈≈≈


You could see an orc priest, 2 orcs and a rat.

Vanquished Creatures
  A big kobold (D:3)
  Crazy Yiuf (D:2)
  A gnoll (D:1)
  3 adders
  An ooze (D:3)
  2 worms
  2 giant geckos (D:1)
  An orc (D:3)
  A ball python (D:1)
  4 goblins
  7 hobgoblins
  7 jackals
  10 bats
  4 giant newts (D:1)
  37 kobolds
  18 rats
  A fungus (D:2)
101 creatures vanquished.

Vanquished Creatures (collateral kills)
  Terence (D:2)
1 creature vanquished.

Grand Total: 102 creatures vanquished

Notes
Turn   | Place    | Note
--------------------------------------------------------------
     0 | D:1      | Ordine the Naga Transmuter began the quest for the Orb.
     0 | D:1      | Reached XP level 1. HP: 18/18 MP: 3/3
    43 | D:1      | Reached XP level 2. HP: 13/25 MP: 3/5
   188 | D:1      | Learned a level 2 spell: Sticks to Snakes
   871 | D:1      | Reached XP level 3. HP: 26/31 MP: 4/6
  1395 | D:1      | Learned a level 3 spell: Spider Form
  1528 | D:1      | Reached skill level 4 in Transmutations
  1684 | D:2      | Reached XP level 4. HP: 3/38 MP: 5/7
  2593 | D:2      | Noticed Terence
  2606 | D:2      | Killed Terence
  2704 | D:2      | Noticed Crazy Yiuf
  2716 | D:2      | Killed Crazy Yiuf
  2716 | D:2      | Reached skill level 5 in Transmutations
  2716 | D:2      | Reached XP level 5. HP: 9/44 MP: 1/8
  3480 | D:3      | Found a snail-covered altar of Cheibriados.
  3514 | D:3      | Became a worshipper of Cheibriados the Contemplative
  4280 | D:3      | Reached * piety under Cheibriados
  4504 | D:3      | Reached skill level 6 in Transmutations
  4511 | D:3      | HP: 2/44 [kobold/club (3)]
  5064 | D:3      | Reached XP level 6. HP: 48/51 MP: 7/9
  5068 | D:3      | Reached ** piety under Cheibriados
  5143 | D:3      | Killed from afar by an orc priest

Vault maps used:
D:1:      erik_arrival_orb_chamber, minivault_27
D:2:      minmay_gold_behind_fungi, minmay_stone_trees_small, uniq_terence,
          uniq_crazy_yiuf_cottage
D:3:      minmay_goblin_kobold_castle, cheibriados_altar_1

Action                   |  1- 3 |  4- 6 || total
-------------------------+-------+-------++-------
Melee: Unarmed           |   161 |   213 ||   374
 Cast: Beastly Appendage |     9 |     9 ||    18
       Sticks to Snakes  |       |    10 ||    10
 Abil: End Transformatio |     1 |       ||     1
       Spit Poison       |       |     1 ||     1
  Use: Scroll            |     3 |     6 ||     9
 Stab: Sleeping          |     2 |     1 ||     3
       Distracted        |       |     2 ||     2
  Eat: Chunk             |     2 |     3 ||     5
       Bread ration      |       |     1 ||     1
